 Dungeon Crawl Stone Soup version 0.31.0-11-ge490571c62 (webtiles) character file.

Game seed: 8426795725495777627

19 Ashen the Sneak (level 2, 0/20 HPs)
             Began as a Gnoll Enchanter on Feb 2, 2024.
             Slain by a quokka (3 damage)
             ... on level 1 of the Dungeon.
             The game lasted 00:00:38 (152 turns).

Ashen the Sneak (Gnoll Enchanter)                    Turns: 152, Time: 00:00:38

Health: 0/20       AC:  2    Str:  7    XL:     2   Next: 75%
Magic:  7/7        EV: 13    Int: 14    God:
Gold:   28         SH:  0    Dex: 12    Spells: 10/10 levels left

rFire   . . .        d - +2 short sword (freeze)
rCold   . . .        (no shield)
rNeg    . . .        b - +0 robe
rPois   .            (no helmet)
rElec   .            (no cloak)
rCorr   .            (no gloves)
SInv    .            (no boots)
Will    .....        (no amulet)
Stlth   +++          (no ring)
HPRegen 0.23/turn    (no ring)
MPRegen 0.10/turn

%: no passive effects
@: no status effects
A: fangs 1, strong nose, distributed training
a: no special abilities


You were on level 1 of the Dungeon.
You visited 1 branch of the dungeon, and saw 1 of its levels.

You collected 28 gold pieces.

Inventory:

Hand Weapons
 a - a +1 dagger
 d - a +2 short sword of freezing (weapon)
Armour
 b - a +0 robe (worn)
Scrolls
 e - a scroll of identify {unknown}
Potions
 c - 2 potions of invisibility


   Skills:
 + Level 0.5 Fighting
 + Level 2.5 Short Blades
 + Level 0.5 Long Blades
 + Level 0.5 Axes
 + Level 0.5 Maces & Flails
 + Level 0.5 Polearms
 + Level 0.5 Staves
 + Level 0.5 Ranged Weapons
 + Level 0.5 Throwing
 + Level 0.5 Armour
 + Level 4.5 Dodging
 + Level 5.9 Stealth
 + Level 0.5 Shields
 + Level 0.5 Unarmed Combat
 + Level 4.9 Spellcasting
 + Level 0.4 Conjurations
 + Level 5.4 Hexes
 + Level 0.4 Summonings
 + Level 0.4 Necromancy
 + Level 0.4 Translocations
 + Level 0.4 Fire Magic
 + Level 0.4 Ice Magic
 + Level 0.4 Air Magic
 + Level 0.4 Earth Magic
 + Level 0.4 Alchemy
 + Level 0.7 Invocations
 + Level 0.5 Evocations
 + Level 0.5 Shapeshifting


You had 10 spell levels left.
You didn't know any spells.
Your spell library contained the following spells:

 Spells                   Type           Power      Damage    Failure   Level
 Confusing Touch          Hex            18%        N/A       6%          3
 Tukima's Dance           Hex            18%        N/A       6%          3
 Ensorcelled Hibernation  Hex/Ice        22%        N/A       9%          2
 Dazzling Flash           Conj/Hex       22%        N/A       16%         3


Dungeon Overview and Level Annotations

Branches:
Dungeon (1/15)

Altars:


Innate Abilities, Weirdness & Mutations

You have very sharp teeth.
Your uncanny sense of smell can sniff out nearby items.
Your experience applies equally to all skills.


Message History

The goblin barely misses you. The kobold hits you but does no damage.
The endoplasm closely misses you.
Items here: )) ††††.
You hit the endoplasm. You freeze the endoplasm.
The endoplasm is heavily wounded.
The goblin hits you with a +0 club. The kobold hits you with a +0 dagger.
The endoplasm misses you.
You hit the endoplasm. You freeze the endoplasm.
You kill the endoplasm!
The goblin closely misses you. The kobold closely misses you.
The goblin attacks as it pursues you! The goblin hits you but does no damage.
You completely miss the goblin. The goblin barely misses you.
You barely miss the goblin. The goblin closely misses you.
You closely miss the goblin. The goblin hits you with a +0 club.
You completely miss the goblin. You bite the goblin.
The goblin is moderately wounded.
The goblin hits you but does no damage.
You barely miss the goblin.
The goblin is moderately wounded.
The goblin hits you with a +0 club.
You hit the goblin. You freeze the goblin.
You kill the goblin!
The quokka bites you.
You barely miss the quokka. The quokka bites you.
You are too injured to fight recklessly!
You are too injured to fight recklessly!
You hit the quokka but do no damage. The quokka misses you.
You completely miss the quokka. The quokka bites you.
* * * LOW HITPOINT WARNING * * *
You hit the quokka. You freeze the quokka.
The quokka is severely wounded.
The quokka bites you.
* * * LOW HITPOINT WARNING * * *
You barely miss the quokka.
The quokka is severely wounded.
The quokka bites you but does no damage.
You barely miss the quokka. You bite the quokka, but do no damage.
The quokka is severely wounded.
The quokka bites you.
You die...

∆ ## ### .#
..##########.# #
#.#.@..##....#
..+..#.#r##.##.#..
.............#.#.# ##
#.###.#......#†#.###†#.#
.......##.....##....#
.###.#...####.....#.###
#.#!#.#...# #####.#.#
#.### #...# #.#.# .....
....# #.#.#


You could see a quokka.

Vanquished Creatures
  2 dart slugs (D:1)
  2 endoplasms (D:1)
  A giant cockroach (D:1)
  2 goblins (D:1)
  A hobgoblin (D:1)
  4 kobolds (D:1)
  A ball python (D:1)
  A frilled lizard (D:1)
14 creatures vanquished.

Notes
Turn   | Place    | Note
-------+----------+-------------------------------------------
     0 | D:1      | Ashen the Gnoll Enchanter began the quest for the Orb.
     0 | D:1      | Reached XP level 1. HP: 13/13 MP: 6/6
    72 | D:1      | Reached XP level 2. HP: 16/19 MP: 7/7
   152 | D:1      | Slain by a quokka

Illustrated notes

Levels and vault maps discovered:
D:1:      minmay_arrival_semitransparent, layout_basic, minmay_surrounded

Action                     || total
---------------------------++-------
  Melee: Short sword       ||    40
         Bite              ||     3
   Stab: Distracted        ||     1
         Sleeping          ||     2
 Armour: Robe              ||    23
  Dodge: Dodged            ||    24
